 Dungeon Crawl Stone Soup version 0.31.0 (webtiles) character file.

Game seed: 202868518020964560

433 qw the Shooter (level 7, -7/43 HPs)
             Began as a Gargoyle Hunter on Jan 19, 2024.
             Killed from afar by an orc wizard (10 damage)
             ... with a puff of flame
             ... on level 4 of the Dungeon.
             The game lasted 00:00:19 (2413 turns).

qw the Shooter (Gargoyle Hunter)                    Turns: 2413, Time: 00:00:20

Health: -7/43      AC: 13    Str: 15    XL:     7   Next: 0%
Magic:  7/7        EV: 12    Int: 13    God:
Gold:   132        SH:  0    Dex: 13    Spells: 6/6 levels left

rFire   . . .        a - +0 shortbow
rCold   . . .        (shield currently unavailable)
rNeg    + + .        c - +5 robe of the Accordion {Int+4 Dex-2}
rPois   inf          d - +1 helmet of the Moneychanger {rN+ Stlth+}
rElec   +            (no cloak)
rCorr   .            (no gloves)
SInv    .            (no boots)
Will    .....        k - amulet of the acrobat
Stlth   +++          (no ring)
HPRegen 0.27/turn    (no ring)
MPRegen 0.10/turn

%: acrobat
@: no status effects
A: sickness immunity, AC +4, negative energy resistance 1, electricity
resistance, torment resistance 1, petrification resistance
a: no special abilities


You were on level 4 of the Dungeon.
You visited 1 branch of the dungeon, and saw 4 of its levels.

You collected 132 gold pieces.


Innate Abilities, Weirdness & Mutations

You are immune to sickness and miasma.
Your stone body is resilient. (AC +4)
You are immune to poison.
You resist negative energy. (rN+)
You are resistant to electric shocks. (rElec)
You are resistant to unholy torment.
You are immune to petrification.


   Skills:
 - Level 4.3 Fighting
 + Level 7.2 Ranged Weapons
 - Level 1.0 Armour
 - Level 1.5 Dodging
 - Level 1.1 Stealth


You had 6 spell levels left.
You didn't know any spells.
Your spell library was empty.

Inventory:

Hand Weapons
 a - a +0 shortbow (weapon)
Armour
 c - the +5 robe of the Accordion (worn) {Int+4 Dex-2}
   (You found it on level 2 of the Dungeon)

   Int+4:     It affects your intelligence (+4).
   Dex-2:     It affects your dexterity (-2).
 d - the +1 helmet of the Moneychanger (worn) {rN+ Stlth+}
   (You took it off Robin on level 2 of the Dungeon)

   rN+:       It protects you from negative energy.
   Stlth+:    It makes you more stealthy.
Jewellery
 k - an amulet of the acrobat (around neck)
Wands
 e - a wand of flame (7)
 h - a wand of quicksilver (7)
Potions
 g - a potion of cancellation
 i - a potion of mutation {unknown}
 l - a potion of attraction {unknown}
 p - a potion of degeneration {unknown}

Dungeon Overview and Level Annotations

Branches:
Dungeon (4/15)
 Temple: D:4-7

Altars:
Fedhas

Shops:
D:2 :((!   D:3 [

Annotations:
D:2 2 transporters


Message History

The orc wizard hits you but does no damage.
The orc wizard gestures wildly while chanting.
The orc wizard flickers and vanishes!
Deactivating autopickup; reactivate with Ctrl-A.
Something closely misses you.
You shoot an arrow.
You feel less confused. Something hits you.
2402 ||| FLEEEEING.
You shoot an arrow.
You hear some strange, mumbled words.
A puff of flame appears from out of thin air!
The puff of flame hits you.
You shoot an arrow. Something hits you but does no damage.
You shoot an arrow. Something hits you. Something hits you but does no damage.
You shoot an arrow. Something hits you but does no damage.
You shoot an arrow.
You hear some strange, mumbled words.
A magic dart appears from out of thin air!
The magic dart hits you but does no damage.
You shoot an arrow. Something hits you but does no damage.
You shoot an arrow. Something hits you but does no damage.
You shoot an arrow.
You hear some strange, mumbled words.
Something tries to affect you, but you resist.
You shoot an arrow. Something hits you but does no damage.
You shoot an arrow. Something hits you but does no damage.
You shoot an arrow. Something hits you but does no damage.
2413 ||| FLEEEEING.
You shoot an arrow.
You hear some strange, mumbled words.
A puff of flame appears from out of thin air!
The puff of flame hits you!
You die...

#....# #.......#
................
#....##.....(.) .
#....##........ ..
#....#.....#
#..#....#))../# .#.
.....#...).#..# ...#
#............ ....##
#@........... .....
##{..........
#...####..##...##..#
. #..................
.. ###.....#........
# ...#
##..#.##........
.....##.####.........
#.....####........
##..........##...


There were no monsters in sight!

Vanquished Creatures
  A scorpion (D:4)
  3 orc priests
  A hound (D:3)
  Jessica (D:2)
  Natasha (thrice) (D:3)
  Robin (D:2)
  5 adders
  An adder skeleton (D:2)
  4 dart slugs
  A ribbon worm (D:2)
  6 orcs
  5 endoplasms
  4 giant cockroaches
  10 goblins
  8 hobgoblins
  3 jackals (D:3)
  4 quokkas
  8 ball pythons
  A ball python skeleton (D:2)
  4 bats
  3 frilled lizards
  A jackal skeleton (D:2)
  4 kobolds
  A rat (D:2)
83 creatures vanquished.

Vanquished Creatures (others)
  An orc wizard (D:3)
1 creature vanquished.

Grand Total: 84 creatures vanquished

Notes
Turn   | Place    | Note
-------+----------+-------------------------------------------
     0 | D:1      | qw the Gargoyle Hunter began the quest for the Orb.
     0 | D:1      | Reached XP level 1. HP: 12/12 MP: 1/1
     0 | D:1      | 0 ||| qw: Version: 0.3-a-132-g3d54051
     0 | D:1      | 0 ||| qw: Game counter: 124
     0 | D:1      | 0 ||| qw: Melee chars always use a shield: true
     0 | D:1      | 0 ||| qw: God list: Okawaru
     0 | D:1      | 0 ||| qw: Allow faded altars: false
     0 | D:1      | 0 ||| qw: Do Orc after clearing Dungeon:15 true
     0 | D:1      | 0 ||| qw: Do second Lair branch before Depths: true
     0 | D:1      | 0 ||| qw: Lair rune preference: random
     0 | D:1      | 0 ||| qw: Goals: Normal
     0 | D:1      | 0 ||| PLANNING D:1-11
    45 | D:1      | Reached XP level 2. HP: 17/17 MP: 2/2
   368 | D:1      | 368 ||| UPGRADING to +0 ring mail.
   378 | D:1      | 378 ||| DROPPING +0 leather armour.
   379 | D:1      | 379 ||| READING scroll labelled GOEPHY EDYSAG.
   380 | D:1      | 380 ||| READING scroll labelled JUDULL CATUURI.
   380 | D:1      | 380 ||| IDENTIFYING emerald potion
   381 | D:1      | 381 ||| DROPPING scroll of butterflies.
   382 | D:1      | 382 ||| DROPPING potion of ambrosia.
   433 | D:2      | 433 ||| FLEEEEING.
   470 | D:2      | Identified the +5 robe of the Accordion {Int+4 Dex-2}
   486 | D:2      | Reached skill level 1 in Armour
   517 | D:2      | Reached XP level 3. HP: 19/21 MP: 3/3
   559 | D:2      | Noticed Jessica
   561 | D:2      | Identified the +1 helmet of the Moneychanger {rN+ Stlth+}
   561 | D:2      | Noticed Robin
   568 | D:2      | Reached skill level 5 in Ranged Weapons
   572 | D:2      | HP: 2/21 [Robin/+0 short sword of holy wrath (5)]
   573 | D:2      | Killed Robin
   583 | D:2      | Killed Jessica
   584 | D:2      | Reached skill level 3 in Fighting
   584 | D:2      | Reached XP level 4. HP: 5/28 MP: 4/4
   587 | D:2      | HP: 4/28 [goblin/+0 dagger[Robin] (2)]
   695 | D:2      | Found Ywkovvir's Distillery.
   705 | D:2      | 705 ||| SHOPLISTING potion of enlightenment (65 gold, have
                  | 45).
   705 | D:2      | 705 ||| SHOPLISTING potion of heal wounds (65 gold, have
                  | 45).
   705 | D:2      | 705 ||| SHOPLISTING potion of might (52 gold, have 45).
   705 | D:2      | 705 ||| SHOPLISTING potion of mutation (104 gold, have 45).
   705 | D:2      | 705 ||| SHOPLISTING potion of resistance (130 gold, have
                  | 45).
   730 | D:2      | Found Ahobedwi's Weapon Emporium.
   754 | D:2      | 754 ||| UPGRADING to +5 robe of the Accordion {Int+4
                  | Dex-2}.
   764 | D:2      | 764 ||| UPGRADING to +1 helmet of the Moneychanger {rN+
                  | Stlth+}.
   769 | D:2      | 769 ||| DROPPING +0 ring mail.
  1023 | D:2      | Found a transporter.
  1023 | D:2      | Found Qyti's Weapon Shoppe.
  1056 | D:2      | Found a transporter.
  1089 | D:2      | Found Heusk's Book Emporium.
  1259 | D:2      | 1259 ||| UPGRADING to amulet of the acrobat.
  1264 | D:2      | 1264 ||| READING scroll labelled UCLO SOORGHEKH.
  1265 | D:2      | 1265 ||| FLEEEEING.
  1267 | D:2      | 1267 ||| READING scroll labelled XEBBOG PAIPUMI.
  1268 | D:2      | 1268 ||| DRINKING 2 dark potions.
  1343 | D:3      | Noticed Natasha
  1359 | D:3      | Reached XP level 5. HP: 32/32 MP: 5/5
  1371 | D:3      | 1371 ||| RETREEEEATING.
  1376 | D:3      | 1376 ||| RETREEEEATING.
  1377 | D:3      | 1377 ||| RETREEEEATING.
  1378 | D:3      | 1378 ||| ZAPPING wand of flame (17) at 1,1 (cerulean imp;
                  | floor).
  1379 | D:3      | 1379 ||| RETREEEEATING.
  1380 | D:3      | 1380 ||| ZAPPING wand of flame (16) at 1,2 (cerulean imp;
                  | floor).
  1381 | D:3      | 1381 ||| RETREEEEATING.
  1382 | D:3      | 1382 ||| RETREEEEATING.
  1383 | D:3      | 1383 ||| RETREEEEATING.
  1394 | D:3      | HP: 4/32 [Natasha (7)]
  1396 | D:3      | Killed Natasha
  1397 | D:3      | Reached skill level 6 in Ranged Weapons
  1613 | D:3      | Noticed Natasha
  1620 | D:3      | 1620 ||| RETREEEEATING.
  1621 | D:3      | 1621 ||| RETREEEEATING.
  1622 | D:3      | 1622 ||| RETREEEEATING.
  1623 | D:3      | 1623 ||| RETREEEEATING.
  1624 | D:3      | 1624 ||| RETREEEEATING.
  1625 | D:3      | 1625 ||| RETREEEEATING.
  1626 | D:3      | 1626 ||| RETREEEEATING.
  1627 | D:3      | 1627 ||| ZAPPING wand of flame (15) at 0,1 (Natasha;
                  | floor).
  1628 | D:3      | 1628 ||| ZAPPING wand of flame (14) at 0,1 (Natasha;
                  | floor).
  1629 | D:3      | 1629 ||| ZAPPING wand of flame (13) at 0,1 (Natasha;
                  | floor).
  1629 | D:3      | Killed Natasha
  1630 | D:3      | Reached XP level 6. HP: 36/38 MP: 6/6
  1630 | D:3      | 1630 ||| FLEEEEING.
  1634 | D:3      | 1634 ||| FLEEEEING.
  1634 | D:3      | Noticed Natasha
  1635 | D:3      | 1635 ||| ZAPPING wand of flame (12) at -7,1 (Natasha;
                  | floor).
  1637 | D:3      | 1637 ||| ZAPPING wand of flame (11) at -3,0 (Natasha;
                  | floor).
  1638 | D:3      | 1638 ||| ZAPPING wand of flame (10) at -1,0 (Natasha;
                  | floor).
  1639 | D:3      | 1639 ||| ZAPPING wand of flame (9) at -1,0 (Natasha;
                  | floor).
  1640 | D:3      | 1640 ||| ZAPPING wand of flame (8) at -1,0 (Natasha;
                  | floor).
  1640 | D:3      | Killed Natasha
  1951 | D:3      | Found a blossoming altar of Fedhas.
  2014 | D:3      | Found Tuadgh's Armour Boutique.
  2022 | D:3      | 2022 ||| SHOPLISTING +2 pair of boots of the Blind Marksman
                  | {rElec Will- rCorr} (418 gold, have 113).
  2022 | D:3      | 2022 ||| SHOPLISTING +2 robe of fire resistance (247 gold,
                  | have 113).
  2022 | D:3      | 2022 ||| SHOPLISTING +3 leather armour of Theory {rCorr}
                  | (414 gold, have 113).
  2233 | D:3      | 2233 ||| READING scroll of identify.
  2233 | D:3      | 2233 ||| IDENTIFYING brown potion
  2234 | D:3      | 2234 ||| READING scroll labelled IWABUU QICHASH.
  2235 | D:3      | 2235 ||| READING scroll labelled ZECEGA SUMUM.
  2236 | D:3      | 2236 ||| DRINKING 2 black potions.
  2237 | D:3      | 2237 ||| DRINKING 2 sapphire potions.
  2238 | D:3      | 2238 ||| DROPPING potion of lignification.
  2239 | D:3      | 2239 ||| DROPPING potion of brilliance.
  2281 | D:4      | 2281 ||| STAIRDANCE
  2283 | D:3      | 2283 ||| FLEEEEING.
  2292 | D:3      | 2292 ||| STAIRDANCE
  2361 | D:4      | Reached skill level 7 in Ranged Weapons
  2362 | D:4      | 2362 ||| DRINKING potion of curing.
  2362 | D:4      | 2362 ||| (to cure confusion)
  2378 | D:4      | HP: 7/38 [something (3)]
  2381 | D:4      | HP: 3/38 [something (2)]
  2388 | D:4      | HP: 4/38 [something (1)]
  2391 | D:4      | Reached XP level 7. HP: 5/43 MP: 7/7
  2391 | D:4      | 2391 ||| FLEEEEING.
  2401 | D:4      | HP: 5/43 [something (3)]
  2402 | D:4      | 2402 ||| FLEEEEING.
  2402 | D:4      | HP: 1/43 [something/puff of flame (4)]
  2413 | D:4      | 2413 ||| FLEEEEING.
  2413 | D:4      | Killed from afar by an orc wizard

Levels and vault maps discovered:
D:1:      dpeg_arrival_pond, layout_rooms
D:2:      layout_loops_cross, serial_undead, serial_undead_f, serial_undead_e,
          serial_undead_b, serial_undead_a, serial_shops,
          nicolae_shop_behind_doors, shop, nicolae_shop_drivethru,
          nicolae_shop_peninsula, uniq_robin, uniq_jessica
D:3:      layout_loops_cross, mainiacjoe_overflow_boulevard, serial_shops, shop,
          uniq_natasha
D:4:      layout_cave_pools, minitemple, corexii_checkpoint, fountainhead,
          supply_closet_lemuel

Skill      XL: |  1  2  3  4  5  6 |
---------------+-------------------+-----
Armour         | 1 |  1.0
Ranged Weapons | 5 6 7 |  7.2
Fighting       | 3 4 |  4.3
Dodging        | |  1.5
Stealth        | |  1.1

Action                     |  1- 3 |  4- 6 |  7- 9 || total
---------------------------+-------+-------+-------++-------
   Fire: Shortbow          |    89 |   265 |    15 ||   369
  Evoke: Wand              |       |    10 |       ||    10
    Use: Scroll            |     2 |     5 |       ||     7
         Potion            |       |     4 |       ||     4
 Armour: Leather armour    |     5 |       |       ||     5
         Ring mail         |    37 |     6 |       ||    43
         Robe              |       |   143 |    15 ||   158
  Dodge: Dodged            |    27 |   164 |     2 ||   193

Table legend:
 A = Non-vault XP
 B = Vault XP
 C = Vault XP percentage of total XP
 D = Non-vault monster count
 E = Vault monster count
 F = Vault count percentage of total count
                 A         B        C        D         E       F
            +---------+---------+-------+---------+---------+-------
      Total |     507 |     112 |  18.1 |      67 |      17 |  20.2
            +---------+---------+-------+---------+---------+-------
        D:1 |      20 |       0 |   0.0 |      11 |       0 |   0.0
        D:2 |      61 |      77 |  55.8 |      20 |      16 |  44.4
        D:3 |     258 |      35 |  11.9 |      31 |       1 |   3.1
        D:4 |     168 |       0 |   0.0 |       5 |       0 |   0.0
            +---------+---------+-------+---------+---------+-------
